 Dungeon Crawl Stone Soup version 0.30-a0-304-gdc4b735fe1 (webtiles) character file.

Game seed: 11561049258498234397

563 garrulousMonolith the Chopper (level 7, -1/73 (82) HPs)
             Began as a Demonspawn Berserker on Oct 21, 2022.
             Was a Priest of Trog.
             Slain by a wight
             ... wielding a +3 trident
              (3 damage)
             ... on level 4 of the Dungeon.
             The game lasted 00:05:06 (3133 turns).

garrulousMonolith the Chopper (DsBe)                Turns: 3133, Time: 00:05:06

HP:   -1/73 (82)    AC: 12    Str: 17    XL:     7   Next: 10%
MP:   7/7           EV: 13    Int: 11    God:    Trog [***...]
Gold: 168           SH:  0    Dex: 27    Spells: 6/6 levels left

rFire   . . .      SeeInvis .    o - +0 war axe
rCold   + . .      Faith    .    (no shield)
rNeg    . . .      Spirit   .    l - +3 ring mail of Hufub {Int+3 Dex+4}
rPois   .          Reflect  .    (helmet restricted)
rElec   .          Harm     .    p - +1 cloak of Restlessness {rC+ Dex+8 Stlth+}
rCorr   .          Rampage  .    (no gloves)
Will    ++...                    e - +0 pair of boots
Stlth   ..........               (no amulet)
HPRegen 1.32/turn                (no ring)
MPRegen 0.10/turn                (no ring)

@: berserking (expiring), strong-willed, regenerating, heavily drained, very
quick
A: antennae 1, claws 1, hooves 1, demonic guardian 1, ignite blood 1
a: Renounce Religion, Berserk, Trog's Hand


You were on level 4 of the Dungeon.
You worshipped Trog.
Trog was most pleased with you.
You visited 1 branch of the dungeon, and saw 4 of its levels.

You collected 168 gold pieces.

Inventory:

Hand Weapons
 o - a +0 war axe (weapon)
 q - a +0 spear of venom
Missiles
 i - 23 stones (quivered)
Armour
 e - a +0 pair of boots (worn)
 l - the +3 ring mail of Hufub (worn) {Int+3 Dex+4}
   (You found it on level 2 of the Dungeon)

   Int:       It affects your intelligence (+3).
   Dex:       It affects your dexterity (+4).
 p - the +1 cloak of Restlessness (worn) {rC+ Dex+8 Stlth+}
   (You found it on level 3 of the Dungeon)

   Dex:       It affects your dexterity (+8).
   rC:        It protects you from cold.
   Stlth:     It makes you more stealthy.
Wands
 a - a wand of flame (4)
Scrolls
 b - a scroll of enchant weapon {unknown}
 g - a scroll of identify
 h - a scroll of torment {unknown}
 j - a scroll of poison {unknown}
 k - a scroll of magic mapping {unknown}
 r - a scroll of fear {unknown}
 s - a scroll of blinking {unknown}
 u - 2 scrolls of teleportation {unknown}
Potions
 c - 3 potions of lignification
 d - a potion of haste {unknown}
 f - a potion of resistance {unknown}
 m - 3 potions of mutation
 n - a potion of degeneration {unknown}
 t - a potion of flight {unknown}
 v - a potion of curing {unknown}


   Skills:
 + Level 4.4 Fighting
 * Level 5.1 Axes
 + Level 3.4 Armour
 + Level 3.4 Dodging


You had 6 spell levels left.
You didn't know any spells.
Your spell library was empty.

Dungeon Overview and Level Annotations

Branches:
Dungeon (4/15)
 Temple: D:4-7

Altars:
Cheibriados
Gozag
Uskayaw


Innate Abilities, Weirdness & Mutations

You have a pair of small antennae on your head.
You have sharp fingernails.
You have large cloven feet.
A weak demonic guardian rushes to your aid.
Your demonic aura sometimes causes spilled blood to erupt in flames.


Message History

You feel strong-willed.
The wight hits you from afar with a +3 trident!
* * * LOW HITPOINT WARNING * * *
You feel drained.
* * * LOW HITPOINT WARNING * * *
The wight hits you with a +0 falchion.
* * * LOW HITPOINT WARNING * * *
A demonic guardian appears!
You feel drained.
A red film seems to cover your vision as you go berserk!
You feel yourself moving faster!
You feel mighty! The wight hits you but does no damage.
The wight barely misses you.
You slash the wight!
The wight is severely damaged.
You hit the wight but do no damage.
The wight is severely damaged.
The wight hits you from afar with a +3 trident.
* * * LOW HITPOINT WARNING * * *
You feel drained.
* * * LOW HITPOINT WARNING * * *
The wight closely misses you.
Your white imp gestures at the wight.
The puff of frost hits the wight.
The wight resists.
You hit the wight.
You destroy the wight!
Trog accepts your kill. The wight closely misses you.
Your white imp gestures at the wight.
The puff of frost hits the wight.
The wight resists.
You have reached level 7!
Your demonic ancestry asserts itself...
Your fingernails lengthen.
A wight comes into view. It is wielding a +0 falchion.
The wight hits you with a +3 trident.
* * * LOW HITPOINT WARNING * * *
You feel drained.
* * * LOW HITPOINT WARNING * * *
You barely miss the wight.
The wight is lightly damaged.
The wight hits you with a +3 trident.
You die...

############
+..........#
#..z..z5...# ##+
#@).######
#..###5†.#.>..######
#........#.........#
+........#.........#
#####....#.........####
#...##.............
#...######.........
+........#......... ..
#........#.........


You could see 2 wights and 2 friendly white imps.

Vanquished Creatures
  Sigmund (D:2)
  A black bear (D:4)
  A wight (D:4)
  An orc priest (D:4)
  2 orc wizards (D:3)
  Robin (D:3)
  2 adders (D:3)
  4 worms
  2 dart slugs
  4 orcs
  10 bats
  8 endoplasms
  5 giant cockroaches
  11 goblins
  8 hobgoblins
  8 jackals
  9 kobolds
  4 quokkas
  7 ball pythons
  6 frilled lizards
  7 rats
102 creatures vanquished.

Vanquished Creatures (collateral kills)
  An orc priest (D:3)
1 creature vanquished.

Grand Total: 103 creatures vanquished

Notes
Turn   | Place    | Note
-------+----------+-------------------------------------------
     0 | D:1      | garrulousMonolith the Demonspawn Berserker began the quest
                  | for the Orb.
     0 | D:1      | Reached XP level 1. HP: 18/18 MP: 1/1
   155 | D:1      | Discovered your monstrous ancestry.
   155 | D:1      | Gained mutation: You have a pair of small antennae on your
                  | head. [demonic ancestry]
   155 | D:1      | Reached XP level 2. HP: 18/24 MP: 2/2
   203 | D:1      | Reached skill level 3 in Axes
   554 | D:1      | Reached XP level 3. HP: 29/29 MP: 3/3
   784 | D:1      | Reached ** piety under Trog
  1297 | D:2      | Identified the +3 ring mail of Hufub {Int+3 Dex+4}
  1486 | D:2      | Found a snail-covered altar of Cheibriados.
  1550 | D:2      | Noticed Sigmund
  1569 | D:2      | Killed Sigmund
  1570 | D:2      | Reached skill level 4 in Axes
  1570 | D:2      | Gained mutation: Your demonic aura sometimes causes spilled
                  | blood to erupt in flames. [demonic ancestry]
  1570 | D:2      | Reached XP level 4. HP: 30/37 MP: 4/4
  1570 | D:2      | Gained mutation: You have large cloven feet. [demonic
                  | ancestry]
  1570 | D:2      | Reached XP level 5. HP: 34/42 MP: 5/5
  2019 | D:3      | Identified the +1 cloak of Restlessness {rC+ Dex+8 Stlth+}
  2089 | D:3      | Noticed Robin
  2104 | D:3      | Killed Robin
  2105 | D:3      | Gained mutation: A weak demonic guardian rushes to your
                  | aid. [demonic ancestry]
  2105 | D:3      | Reached XP level 6. HP: 46/48 MP: 6/6
  2225 | D:3      | Found a faded altar of an unknown god.
  2305 | D:3      | Reached *** piety under Trog
  2319 | D:3      | Found an opulent altar of Gozag.
  2785 | D:4      | Noticed a +0 dagger
  2786 | D:4      | Found a hide-covered altar of Uskayaw.
  2787 | D:4      | Noticed a +0 hand axe
  2857 | D:4      | Reached skill level 5 in Axes
  3130 | D:4      | HP: 3/63 [wight/+3 trident (2)]
  3132 | D:4      | Gained mutation: You have sharp fingernails. [demonic
                  | ancestry]
  3132 | D:4      | Reached XP level 7. HP: 5/50 MP: 7/7
  3132 | D:4      | HP: 1/73 [wight/+3 trident (1)]
  3133 | D:4      | Slain by a wight

Illustrated notes

Levels and vault maps discovered:
D:1:      lemuel_arrival_river_ford, layout_basic, minmay_tree_intersection
D:2:      layout_basic, basic_altar, minmay_tall_x, uniq_sigmund
D:3:      layout_rooms, mainiacjoe_overflow_24_doors,
          dreamdust_ecumenical_altar_statues, amcnicky_mini_pool_small,
          uniq_robin
D:4:      layout_gridville, dancing_weapons_uskayaw

Skill      XL: |  1  2  3  4  5  6 |
---------------+-------------------+-----
Axes           | 3 4 5 |  5.1
Armour         | 2 3 |  3.4
Dodging        | 2 3 |  3.4
Fighting       | 4 |  4.4

Action                   |  1- 3 |  4- 6 |  7- 9 || total
-------------------------+-------+-------+-------++-------
Melee: Hand axe          |   145 |     5 |       ||   150
       Punch             |     1 |     3 |       ||     4
       War axe           |       |   121 |     1 ||   122
Invok: Berserk           |     2 |     2 |       ||     4
       Trog's Hand       |     1 |     4 |       ||     5
  Use: Scroll            |       |     2 |       ||     2
 Stab: Sleeping          |     2 |     3 |       ||     5
Armor: Animal skin       |    16 |       |       ||    16
       Chain mail        |    19 |       |       ||    19
       Ring mail         |    14 |    70 |       ||    84
Dodge: Dodged            |    70 |    92 |       ||   162

Table legend: (Time is in decaauts)
 A = Elapsed time spent in this place.
 B = Non-inter-level travel time spent in this place.
 C = Inter-level travel time spent in this place.
 D = Time resting spent in this place.
 E = Time spent auto-exploring this place.
 F = Levels seen in this place.
 G = Mean time per level.
                   A        B        C        D        E       F      G
               +--------+--------+--------+--------+--------+-----+--------+
         Total |   3223 |   3003 |    220 |    237 |   2038 |   4 |  805.8 |
       Dungeon |   3223 |   3003 |    220 |    237 |   2038 |   4 |  805.8 |
               +--------+--------+--------+--------+--------+-----+--------+

Top non-repeatable levels by time:
     D:1: 1133 daAuts
     D:2: 924 daAuts
     D:3: 632 daAuts
     D:4: 533 daAuts
